Map: Ciudad Esmeralda EE

Players

MrFercho

  • Race: Zerg Zerg
  • League: Silver
  • Spawn Location: 5:00

TATORREA

  • Race: Protoss Protoss
  • League: Gold
  • Spawn Location: 5:00

VincGenesis

  • Race: Terran Terran
  • Spawn Location: 11:00

kurycane

  • Race: Protoss Protoss
  • Spawn Location: 11:00

VOD

Have the link to the VOD?

Description

Time

  • Played on: July 17, 2020, 10:42 p.m.
  • Length: 15:55
Show
View Real Time Build Order
Export as new Build Order

MrFercho Zerg 

Build Orders: Hatch First 

Get SALT Encoding   

  12  0:01  Drone  
  13  0:12  Overlord  
  13  0:29  Drone  
  13  0:32  Drone x2  
  16  0:53  Drone  
  16  0:56  Hatchery, Drone  
  17  1:01  Drone  
  18  1:07  Extractor  
  17  1:16  Spawning Pool  
  16  1:19  Drone  
  16  1:24  Drone  
  18  1:34  Drone  
  19  1:44  Drone  
  20  1:58  Overlord  
  20  2:03  Queen  
  22  2:09  Queen  
  22  2:10  Overlord  
  22  2:11  Drone  
  25  2:16  Metabolic Boost  
  25  2:17  Drone  
  25  2:19  Drone  
  27  2:27  Drone  
  28  2:30  Drone  
  29  2:38  Drone  
  30  2:48  Drone  
  30  2:49  Drone  
  32  2:53  Drone  
  32  2:54  Lair  
  33  2:59  Drone  
  33  3:02  Drone  
  35  3:10  Drone  
  36  3:16  Drone x4  
  36  3:17  Drone x2  
  36  3:19  Overlord  
  42  3:39  Extractor  
  42  3:40  Extractor  
  40  3:51  Overlord x2  
  40  3:52  Overlord  
  40  4:03  Nydus Network, Zergling x18  
  40  4:08  Queen x2  
  52  4:15  Zergling x4  
  54  4:25  Zergling x2  
  54  4:26  Zergling x2  
  56  4:35  Zergling x2  
  57  4:43  Queen x2  
  61  4:49  Zergling x10  
  66  4:57  Drone  
  66  4:58  Zergling x4  
  69  5:09  Zergling x10  
  74  5:17  Zergling x4  
  76  5:21  Overlord  
  76  5:22  Overlord x2  
  76  5:39  Queen x2  
  76  5:42  Zergling x12  
  86  5:54  Zergling x2  
  86  5:55  Zergling x6  
  90  6:03  Zergling x4  
  92  6:15  Pneumatized Carapace  
  92  6:25  Zergling x14  
  99  6:35  Overlord  
  99  6:36  Overlord x3  
  99  6:46  Overlord x4  
  99  7:00  Drone x3  
  98  7:13  Zergling x8  
  102  7:19  Extractor  
  101  7:23  Hydralisk Den  
  101  7:24  Zergling x6  
  103  7:40  Nydus Canal  
  103  7:57  Overlord x4  
  103  7:58  Overlord  
  103  8:00  Overseer  
  103  8:03  Overlord x3  
  103  8:05  Drone  
  104  8:12  Queen  
  104  8:13  Queen  
  108  8:26  Muscular Augments  
  108  8:34  Infestation Pit  
  108  8:40  Evolution Chamber  
  106  8:48  Queen  
  106  8:52  Zergling x12  
  114  9:01  Baneling Nest  
  113  9:15  Hydralisk x4  
  121  9:29  Zergling x4  
  123  9:38  Grooved Spines  
  123  9:59  Drone x2  
  126  10:00  Drone  
  126  10:02  Zerg Missile Weapons Level 1  
  126  10:04  Centrifical Hooks  
  126  10:08  Hive  
  126  10:10  Hatchery  
  125  10:19  Hatchery  
  125  10:20  Nydus Canal  
  124  10:53  Hydralisk  
  124  10:54  Hydralisk x14  
  154  11:10  Spire  
  153  11:14  Lurker Den  
  152  11:27  Hydralisk x7  
  166  11:46  Nydus Canal  
  166  12:08  Hydralisk x10  
  165  12:09  Hydralisk x3  
  190  12:19  Drone  
  190  12:20  Drone x6  
  197  12:39  Greater Spire  
  197  12:40  Seismic Spines  
  197  13:09  Hydralisk  
  198  13:37  Adaptive Talons  
  98  14:38  Corruptor  
  98  14:39  Corruptor x12  
  98  14:44  Drone x5  
  98  14:45  Drone x4  
  98  14:48  Extractor  
  98  14:49  Extractor  
  96  15:14  Corruptor x2  
  96  15:15  Extractor  
  96  15:19  Extractor  
Show
View Real Time Build Order
Export as new Build Order

TATORREA Protoss 

Build Orders: Zealot Archon 

Get SALT Encoding   

  12  0:02  Probe  
  13  0:14  Probe  
  14  0:24  Pylon  
  14  0:30  Probe  
  15  0:42  Probe  
  16  0:54  Gateway  
  16  0:56  Probe  
  17  1:08  Probe  
  17  1:09  Assimilator  
  17  1:20  Probe  
  18  1:32  Probe  
  19  1:33  Pylon, Zealot  
  19  1:37  Pylon  
  21  1:51  Nexus  
  21  2:04  Probe  
  21  2:07  Assimilator  
  22  2:16  Probe  
  23  2:29  Probe  
  24  2:41  Probe  
  25  2:55  Gateway  
  25  2:57  Gateway  
  25  3:00  Probe  
  25  3:01  Forge, Probe  
  27  3:08  Probe  
  27  3:09  Probe  
  27  3:13  Cybernetics Core  
  27  3:15  Zealot  
  27  3:17  Probe  
  27  3:19  Probe  
  31  3:24  Protoss Ground Weapons Level 1  
  31  3:25  Probe  
  33  3:27  Probe  
  33  3:33  Probe  
  35  3:35  Probe  
  37  3:49  Stalker x2  
  37  3:51  Sentry  
  43  4:00  Probe x2  
  45  4:07  Assimilator  
  45  4:11  Assimilator  
  45  4:12  Probe x2  
  45  4:15  Twilight Council  
  47  4:24  Probe  
  47  4:26  Pylon  
  47  4:29  Probe  
  47  4:30  Pylon  
  49  4:45  Nexus  
  49  4:48  Pylon  
  49  4:51  Pylon, Probe x2  
  51  4:52  Warp Gate  
  51  5:02  Blink  
  51  5:03  Probe x2  
  53  5:11  Stalker x3  
  59  5:23  Probe  
  59  5:24  Probe  
  59  5:25  Stargate  
  61  5:32  Probe  
  61  5:36  Probe  
  61  5:38  Robotics Facility  
  61  5:40  Probe  
  63  5:48  Probe, Protoss Ground Weapons Level 2  
  65  5:56  Probe x2  
  67  5:57  Templar Archives  
  67  6:00  Probe  
  68  6:08  Probe  
  68  6:09  Gateway, Probe  
  70  6:11  Gateway  
  70  6:12  Probe  
  71  6:20  Pylon, Probe  
  71  6:21  Probe  
  71  6:24  Probe  
  71  6:25  Pylon  
  74  6:30  Assimilator  
  74  6:32  Pylon  
  74  6:33  Assimilator, Probe x2  
  74  6:36  Probe  
  74  6:37  Immortal  
  81  6:43  Psionic Storm  
  81  6:45  Probe  
  82  6:47  High Templar x2  
  82  6:49  High Templar  
  88  7:05  Zealot  
  90  7:15  Probe x3  
  93  7:16  Observer  
  94  7:34  Nexus  
  94  7:37  Pylon  
  94  7:39  Pylon  
  94  7:47  Probe x2  
  94  7:48  Probe  
  94  7:50  Gateway  
  97  7:52  Gateway, Zealot x2  
  97  7:53  Zealot x2  
  97  7:54  Gateway, Zealot  
  97  7:58  Archon  
  107  7:59  Probe, Warp Prism  
  107  8:00  Probe x2  
  112  8:11  Forge, Probe  
  113  8:13  Forge  
  113  8:17  Dark Shrine, Fleet Beacon  
  113  8:21  Pylon  
  113  8:26  Gateway  
  113  8:27  Gateway  
  113  8:28  Gateway  
  113  8:30  Gateway  
  113  8:32  Protoss Ground Weapons Level 3, Protoss Ground Armor Level 1, Protoss Shields Level 1  
  113  8:34  High Templar x3  
  113  8:35  High Templar x2  
  113  8:38  Archon  
  113  8:39  Archon  
  123  8:45  Assimilator  
  123  8:48  Assimilator  
  123  8:50  Zealot  
  125  9:03  Archon  
  125  9:09  Void Ray  
  129  9:12  Protoss Air Weapons Level 1  
  129  9:18  Unknown  
  129  9:19  Probe x3  
  129  9:20  Probe  
  133  9:45  Nexus  
  133  9:47  Pylon  
  133  9:49  Pylon  
  133  9:51  Stalker x2  
  133  9:52  Carrier, High Templar x2  
  147  9:55  Pylon  
  147  9:56  Observer  
  147  9:57  Pylon  
  148  10:01  Pylon  
  148  10:02  Gateway  
  148  10:04  Gateway  
  148  10:06  Gateway  
  148  10:09  Gateway  
  148  10:11  Probe x2  
  148  10:12  Gateway, Probe x2  
  152  10:18  Immortal  
  156  10:30  Zealot  
  156  10:31  Zealot x5  
  156  10:32  Zealot x3  
  174  10:46  High Templar  
  174  10:47  High Templar x2  
  180  10:55  Anion Pulse-Crystals  
  180  10:56  Tempest  
  185  11:09  High Templar  
  185  11:10  High Templar x2  
  191  11:13  Archon x2  
  191  11:14  Archon  
  191  11:26  Assimilator  
  191  11:29  Assimilator  
  191  11:30  High Templar x3  
  197  11:33  Phoenix  
  197  11:36  Protoss Shields Level 2, Protoss Ground Armor Level 2, Archon  
  199  12:09  Protoss Air Weapons Level 2  
  127  12:46  High Templar x4  
  127  12:47  High Templar x4  
  127  12:48  High Templar x3  
  104  13:22  High Templar  
  104  13:23  High Templar x4  
  104  13:24  High Templar  
  116  13:37  High Templar  
  116  13:38  High Templar  
  120  13:49  Archon  
  120  13:50  Archon x4  
  120  13:51  Archon x3  
  120  13:52  Archon  
  120  13:54  High Templar x3  
  126  13:57  Stalker x2  
  126  14:00  Archon  
  130  14:24  High Templar  
  132  14:25  High Templar x4  
  132  14:29  Archon x2  
  84  15:24  Stargate  
  84  15:27  Stargate  
  84  15:28  Stargate  
Show
View Real Time Build Order
Export as new Build Order

VincGenesis Terran 

Build Orders:  

Get SALT Encoding   

  12  0:02  SCV  
  13  0:14  Supply Depot  
  13  0:19  SCV  
  14  0:36  SCV  
  15  0:47  Barracks  
  15  0:53  SCV  
  16  1:15  SCV  
  17  1:33  SCV  
  17  1:36  Supply Depot  
  18  1:45  SCV  
  19  1:50  Command Center  
  19  1:57  Marine  
  20  2:05  Barracks  
  20  2:15  Marine  
  21  2:18  SCV  
  21  2:19  Refinery  
  22  2:30  SCV  
  22  2:32  Marine  
  24  2:42  Refinery, SCV  
  25  2:54  Supply Depot  
  25  3:01  SCV  
  26  3:10  Refinery  
  26  3:12  SCV  
  27  3:13  SCV  
  28  3:23  Barracks Reactor, Supply Depot  
  28  3:24  Barracks Tech Lab, SCV  
  29  3:36  Refinery, SCV  
  30  3:45  Supply Depot  
  30  3:48  SCV  
  31  3:49  Combat Shield  
  31  3:57  SCV  
  31  4:00  SCV  
  33  4:02  Marine  
  33  4:03  Marine  
  33  4:07  Marine  
  33  4:09  SCV  
  37  4:12  SCV  
  37  4:13  Factory  
  38  4:20  Marine x2  
  38  4:22  SCV  
  41  4:34  SCV  
  41  4:38  Marine x2  
  44  4:46  SCV  
  45  4:54  Marine  
  45  4:56  Marine x2  
  45  4:58  SCV  
  49  5:01  Starport  
  49  5:06  Widow Mine  
  51  5:10  SCV  
  51  5:12  Stimpack  
  52  5:16  Marine  
  52  5:17  Marine x2  
  55  5:22  SCV  
  55  5:27  Widow Mine  
  58  5:34  Marine x2, SCV  
  58  5:35  Marine  
  62  5:40  Starport Reactor  
  62  5:48  Supply Depot  
  62  5:49  Widow Mine  
  64  5:52  Marine x3  
  67  6:10  Marine x3, Widow Mine  
  72  6:11  Supply Depot  
  72  6:22  Medivac  
  72  6:23  Medivac  
  76  6:28  Marine x2  
  78  6:32  Marine  
  78  6:33  Widow Mine  
  78  6:34  Orbital Command  
  78  6:35  Supply Depot  
  78  6:39  SCV  
  82  6:46  Marine  
  83  6:50  Marine  
  83  6:51  SCV  
  85  6:56  Medivac x2  
  85  6:58  Supply Depot  
  89  7:03  Marine, SCV  
  91  7:16  SCV  
  92  7:26  Medivac  
  94  8:05  Widow Mine  
  96  8:21  Barracks Reactor  
  96  8:23  Medivac x2  
  96  8:26  Widow Mine  
  102  8:30  Barracks  
  102  8:54  Supply Depot  
  102  9:03  Engineering Bay  
  102  9:16  Medivac, Marine x4, Widow Mine  
  110  9:18  Barracks  
  110  9:19  Supply Depot  
  110  9:29  Engineering Bay  
  110  9:40  Marine x4, Widow Mine  
  110  9:42  Supply Depot  
  116  9:58  Marine x2  
  118  10:03  Marine x2, Widow Mine  
  118  10:04  Supply Depot  
  122  10:08  Barracks  
  122  10:15  Marine x2  
  122  10:16  Barracks Reactor x2  
  122  10:21  Marine x2  
  126  10:50  Marine x2  
  126  10:51  Marine x2  
  130  11:08  Marine x3  
  130  11:09  Marine x4  
  130  11:10  Marine  
  138  11:24  Barracks Reactor  
  138  11:26  Marine x4, Terran Infantry Weapons Level 1  
  138  11:27  Terran Infantry Armor Level 1, Marine x4  
  138  11:32  Armory  
  146  11:40  Fusion Core  
  146  11:44  Marine x3  
  146  11:45  Marine x4  
  153  12:02  Marine  
  153  12:03  Marine x3  
  150  13:33  Marine x4  
  150  13:34  Marine x2  
  155  13:38  Marine x4  
  160  13:49  Supply Depot  
  160  13:51  Marine x5  
  160  13:52  Marine  
  166  13:57  Marine x2  
  166  13:58  Medivac x2, Marine x2  
  164  14:09  Marine x2  
  166  14:10  Marine x4  
  166  14:12  Supply Depot  
  166  14:14  Marine  
  166  14:15  Marine  
  166  14:16  Marine x2  
  168  14:26  Marine x2  
  168  14:28  Marine x3  
  173  14:32  Marine  
  173  14:33  Medivac x2, Marine x3  
  173  14:35  Supply Depot  
  164  15:03  Medivac  
Show
View Real Time Build Order
Export as new Build Order

kurycane Protoss 

Build Orders: Cannon Rush, Carriers 

Get SALT Encoding   

  1  0:00  Probe  
  13  0:19  Pylon  
  13  0:22  Probe  
  14  0:34  Probe  
  15  0:38  Gateway  
  15  0:53  Forge  
  15  1:01  Pylon  
  15  1:06  Probe  
  16  1:14  Probe  
  17  1:30  Photon Cannon  
  17  1:33  Cybernetics Core  
  17  1:46  Photon Cannon  
  17  1:54  Photon Cannon  
  17  2:02  Pylon  
  17  2:10  Pylon  
  17  2:12  Probe  
  17  2:15  Pylon  
  17  2:20  Probe  
  19  2:30  Assimilator  
  19  2:36  Assimilator, Probe  
  20  2:48  Probe  
  20  2:51  Photon Cannon  
  21  3:00  Photon Cannon  
  21  3:06  Probe  
  22  3:15  Probe  
  23  3:47  Nexus  
  23  3:50  Stargate  
  23  3:56  Assimilator  
  23  4:00  Assimilator  
  23  4:06  Probe  
  24  4:14  Probe  
  24  4:22  Probe  
  26  4:33  Probe  
  26  4:36  Void Ray  
  31  4:45  Probe  
  32  4:49  Stargate  
  32  4:57  Pylon, Probe  
  33  5:09  Probe  
  34  5:17  Probe  
  34  5:18  Pylon  
  35  5:21  Pylon  
  35  5:25  Probe  
  35  5:33  Pylon  
  35  5:35  Probe  
  36  5:40  Protoss Air Weapons Level 1  
  36  5:42  Photon Cannon  
  37  5:47  Probe  
  38  5:59  Fleet Beacon, Probe  
  39  6:08  Cybernetics Core  
  39  6:11  Probe  
  39  6:15  Stargate  
  40  6:24  Probe  
  41  6:29  Stargate  
  41  6:30  Probe  
  41  6:36  Probe  
  41  6:38  Probe  
  44  6:48  Probe x2  
  44  6:49  Twilight Council  
  46  7:00  Probe  
  47  7:28  Carrier  
  53  7:51  Photon Cannon  
  53  7:56  Photon Cannon  
  53  8:00  Photon Cannon  
  53  8:05  Photon Cannon  
  53  8:06  Carrier x2  
  65  8:15  Pylon  
  65  8:17  Pylon  
  65  8:22  Pylon  
  65  8:27  Photon Cannon  
  65  8:32  Pylon  
  65  8:35  Stargate  
  65  8:45  Stargate  
  65  8:52  Stargate  
  65  9:04  Nexus  
  65  9:07  Assimilator  
  65  9:11  Assimilator  
  65  9:18  Probe  
  66  9:50  Carrier  
  66  9:51  Carrier  
  78  9:58  Probe  
  78  10:01  Protoss Air Weapons Level 2  
  79  10:15  Probe  
  80  10:23  Probe  
  81  10:32  Probe  
  82  10:37  Carrier  
  82  10:38  Carrier  
  82  10:39  Carrier  
  82  10:44  Probe  
  101  10:56  Carrier, Probe  
  102  11:08  Probe  
  109  11:16  Protoss Air Armor Level 1  
  109  11:18  Protoss Shields Level 1  
  109  11:20  Probe  
  110  11:33  Probe  
  111  11:41  Nexus  
  111  11:44  Assimilator  
  111  12:20  Probe  
  111  12:48  Carrier x2  
  111  12:49  Carrier x3  
  141  13:18  Carrier  
  147  13:22  Carrier  
  136  13:29  Pylon  
  136  13:32  Pylon  
  136  13:34  Pylon  
  136  13:38  Pylon  
  134  14:40  Carrier x4  
  158  14:47  Pylon  
  158  14:51  Pylon  
  158  14:55  Nexus  
Tags
 
Add a new tag
Caveats
  • Supply blocks, unpowered buildings, or Contaminate may cause inaccurate times.
  • Supply counts are checked every 10 seconds.